Thundarrgh, chaotic male orcish Barbarian ----- |<..--- ------ |.....---|..... --..|(+=.|.---- --.|-.....---- --|....?....| ---- ---.|....|..----...-- --+-. -----..|....|.....---- -...... ------ |."|....+........- ....... |/".!| -/......---........ ...{... |....| .........|...|..... -....... ---|-- .--.-....-------...---. . ------....--- --.--....-....-- --...|..- -...|.--..|...|....|------ --.........|..--- --.....|-....|........---.tD-|./)?| .-...............-+---+-----..-|..........--....--.o.-.)[(| -----.....{....--.-...............|...*.......--.. |...-|..+*| |.........[....--#--+--.---------.........--.. . ...|------ |+-----.......... |.|.+%/| --.......-- ..| |... --..-----.- |.-.=(!| ---...--- |(.. ---- # --|..(/| --- ---- ------ Thundarrgh the Bandit Experience level: 7 Strength: 18/01 Dexterity: 17 Constitution: 18 Intelligence: 8 Wisdom: 5 Charisma: 8 Health: 0(77) Energy: 13(13) Def: 8 Gold: 60 Moves: 1899 Dungeon seed: qVE8L7sNxRMxl-eK Game ID: Thundarrgh_1570958521 Your Inventory: Armor n - an uncursed +0 dwarvish cloak (being worn) q - an uncursed +0 leather armor (being worn) r - a blessed +0 pair of leather gloves (being worn) N - a blessed +2 pair of high boots (being worn) W - an uncursed +0 helmet (being worn) Weapons a - an uncursed +0 two-handed sword (weapon in hands) c - the uncursed +0 Werebane (alternate weapon; not wielded) U - an uncursed +0 dagger Comestibles M - an uncursed food ration Tools d - an uncursed sack named Z e - an uncursed magic lamp (lit) j - an uncursed skeleton key E - an uncursed expensive camera (0:87) Gems s - an uncursed worthless piece of red glass y - 2 uncursed worthless pieces of orange glass D - an uncursed worthless piece of white glass Q - an uncursed fluorite stone Y - an uncursed flint stone Coins $ - 60 gold pieces Spells and supernatural/magical abilities: Name Level Category Fail Memory W - pray for help -- divine ? -- Your skills at the end: Fighting Skills bare handed combat [Basic] Weapon Skills axe [Basic] two-handed sword [Skilled] saber [Basic] Spellcasting Skills Final Attributes: You had sinned. You were poison resistant. You were hallucinating. You had infravision. You were fast. You are dead. Vanquished creatures: a large mimic 4 watchmen a dwarf lord a snake 2 human zombies a rock mole 2 ponies a yellow light 5 gnome lords 3 gnomish wizards an elf zombie a paper golem 8 dwarves a dwarf zombie a hobbit a hobgoblin a giant rat a cave spider 21 gnomes 4 garter snakes a gnome zombie a gecko 3 jackals 4 grid bugs a bat a lichen 4 newts and a partridge in a pear tree 76 creatures vanquished. Voluntary challenges: You were an atheist. You used a wielded weapon 115 times, starting on turn 12. You read items or engraved 6 times, starting on turn 871. You never genocided any monsters. You never polymorphed an object. You never changed form. You used no wishes. You never split a pudding. You never wrote Elbereth's name. You violated your moral code, losing 74 points of alignment, starting on turn 538. You abstained from Elbereth's help. You werepermanently hallucinating. Dungeon overview: The Dungeons of Doom: levels 1 to 5 Level 1 a fountain a long staircase Level 2 Level 3 Level 4 stairs to The Gnomish Mines Level 5 a fountain, a throne The Gnomish Mines: levels 5 to 7 Level 5 stairs to The Dungeons of Doom Level 6 Level 7 <- You were here some shops, some fountains History has recorded: On T:1 you entered the Dungeons of Doom to retrieve the Amulet of Yendor! On T:90 you reached level 2 of The Dungeons of Doom. On T:171 you reached level 3 of The Dungeons of Doom. On T:237 you reached level 4 of The Dungeons of Doom. On T:294 you reached level 5 of The Dungeons of Doom. On T:429 you advanced to experience level 2. On T:488 you reached level 1 of The Gnomish Mines. On T:525 you advanced to experience level 3. On T:545 you advanced to experience level 4. On T:611 you advanced to experience level 5. On T:700 you reached level 2 of The Gnomish Mines. On T:913 you reached level 3 of The Gnomish Mines. On T:1084 you advanced to experience level 6. On T:1484 you advanced to experience level 7. Score breakdown: Gold: 60 ( 6073 points) Experience: 7 levels (13645 points) Exploration: 7 levels ( 14.00%) (10497 points) Discoveries: 12 items ( 4.88%) ( 6625 points) Valuables value: (no points given unless you survive) Artifact value: 1500 (10804 points) Variety of kills: 27 monsters ( 7.09%) ( 7986 points) Turncount: 1899 turns ( 0 points) Survival: died (score multiplied by 80%) Total score: 44504 Latest messages: Moving: E - an expensive camera. My, that was a primo slice of pizza! You finish eating the slice of pizza. The giant rat zaps a wand of magic missile! The magic missile hits you! The magic missile bounces! Your movements are now unencumbered. The heavy iron ball hits it. The winter wolf bites! The lichen zaps a wand of magic missile! The magic missile hits you! The magic missile bounces! The magic missile hits you! You miss it. The leather golem misses. The fire giant zaps a wand of magic missile! The magic missile hits you! You die... The sack named Z is empty. The sack named Z is empty. Final status: Goodbye Thundarrgh the Barbarian, killed by a magic missile... You died in The Gnomish Mines on dungeon level 7 with 44504 points, and 60 pieces of gold, after 1899 moves. You were level 7 with a maximum of 77 hit points when you died.